 Dungeon Crawl Stone Soup version 0.29.1-15-g9cfb28693d (webtiles) character file.

Game seed: 3987640604194254291

9328 JordanG8 the Severer (level 11, -7/151 HPs)
             Began as a Hill Orc Berserker on Apr 26, 2023.
             Was an Elder of Trog.
             Mangled by a 16-headed hydra (9 damage)
             ... on level 1 of the Lair of Beasts.
             The game lasted 00:41:15 (13374 turns).

JordanG8 the Severer (Hill Orc Berserker)          Turns: 13374, Time: 00:41:16

Health: -7/151     AC: 20    Str: 25    XL:     11   Next: 44%
Magic:  11/11      EV:  7    Int:  7    God:    Trog [****..]
Gold:   377        SH:  8    Dex: 10    Spells: 10/10 levels left

rFire   + . .      SeeInvis .   p - +0 war axe
rCold   + . .      Faith    .   M - +2 kite shield
rNeg    . . .      Spirit   .   A - +0 chain mail
rPois   +          Reflect  .   c - +2 helmet
rElec   +          Harm     .   k - +2 cloak
rCorr   +          Rampage  .   j - +1 pair of gloves
Will    .....      Clarity  +   (no boots)
Stlth   ..........              s - amulet of the acrobat
HPRegen 0.35/turn               (no ring)
MPRegen 0.12/turn               (no ring)

@: berserking, resistant, invisible, very quick
A: clarity, robust 1, evolution 1
a: Renounce Religion, Berserk, Trog's Hand, Brothers in Arms


You were on level 1 of the Lair of Beasts.
You worshipped Trog.
Trog was greatly pleased with you.
You visited 2 branches of the dungeon, and saw 10 of its levels.

You collected 517 gold pieces.
You spent 140 gold pieces at shops.

Inventory:

Hand Weapons
 a - a +0 hand axe
 p - a +0 war axe (weapon)
 C - a +0 battleaxe
Armour
 b - a +0 animal skin
 c - a +2 helmet (worn)
 j - a +1 pair of gloves (worn)
 k - a +2 cloak (worn)
 l - a +0 leather armour
 o - a +0 ring mail
 A - a +0 chain mail (worn)
 M - a +2 kite shield (worn)
Jewellery
 s - an amulet of the acrobat (around neck)
 y - the amulet "Aleod" {Spirit Harm +Blink Int+2}
   (You found it on level 5 of the Dungeon)

   [amulet of guardian spirit]

   It causes incoming damage to be divided between your reserves of health and
   magic.
   Int:       It affects your intelligence (+2).
   +Blink:    It lets you blink.
   Harm:      It increases damage dealt and taken.
 G - an amulet of magic regeneration
 K - an amulet of regeneration
Wands
 h - a wand of paralysis (11)
 n - a wand of polymorph (6)
 L - a wand of mindburst (6)
 N - a wand of digging (5)
Scrolls
 f - 7 scrolls of teleportation
 g - a scroll of identify
 r - a scroll of silence
 v - 2 scrolls of enchant armour
 w - a scroll of poison
 x - 3 scrolls of blinking
 z - 2 scrolls of fear
 E - a scroll of torment
Potions
 d - 9 potions of brilliance
 e - 3 potions of curing
 i - a potion of flight
 m - a potion of lignification
 q - 3 potions of degeneration
 u - a potion of magic
 D - 2 potions of mutation
Miscellaneous
 F - a lightning rod (4/4)


   Skills:
 - Level 7.0 Fighting
 * Level 17.8 Axes
 * Level 9.4 Armour
 - Level 3.8 Dodging
 + Level 2.2 Stealth
 * Level 0.7 Shields
 + Level 0.6 Unarmed Combat
 + Level 0.2 Evocations


You had 10 spell levels left.
You didn't know any spells.
Your spell library was empty.

Dungeon Overview and Level Annotations

Branches:
Dungeon (9/15)             Temple (0/1) D:7            Lair (1/5) D:8
    Orc (0/2) D:9

Altars:
Cheibriados
Elyvilon
Makhleb
Okawaru
Qazlal
Ru
Sif Muna
Trog
Uskayaw
The Shining One

Shops:
D:4 *   D:8 [


Innate Abilities, Weirdness & Mutations

You possess an exceptional clarity of mind.
You are robust. (+10% HP)
You have hidden genetic potential.


Message History

The 14-headed hydra bites you but does no damage. x2
The 14-headed hydra bites you.
* * * LOW HITPOINT WARNING * * *
The 14-headed hydra bites you but does no damage. x2
You block the 14-headed hydra's attack. The 14-headed hydra bites you!
* * * LOW HITPOINT WARNING * * *
The 14-headed hydra barely misses you.
You chop one of the 14-headed hydra's heads off!
The 13-headed hydra grows two more!
You slice the 15-headed hydra!!
The 15-headed hydra is heavily wounded.
You completely miss the 15-headed hydra.
The 15-headed hydra is heavily wounded.
The 15-headed hydra barely misses you.
The 15-headed hydra bites you but does no damage.
The 15-headed hydra completely misses you.
The 15-headed hydra bites you but does no damage. x2
The 15-headed hydra bites you.
* * * LOW HITPOINT WARNING * * *
You block the 15-headed hydra's attack. The 15-headed hydra closely misses you.
The 15-headed hydra barely misses you.
The 15-headed hydra bites you but does no damage.
You block the 15-headed hydra's attack.
The 15-headed hydra bites you but does no damage.
The 15-headed hydra closely misses you.
The 15-headed hydra bites you but does no damage.
The 15-headed hydra barely misses you.
You lop one of the 15-headed hydra's heads off!
The 14-headed hydra grows two more!
You slash the 16-headed hydra!
The 16-headed hydra is moderately wounded.
The 16-headed hydra bites you but does no damage.
The 16-headed hydra bites you!
* * * LOW HITPOINT WARNING * * *
You block the 16-headed hydra's attack. x2
The 16-headed hydra closely misses you. The 16-headed hydra barely misses you.
The 16-headed hydra bites you but does no damage. x3
You block the 16-headed hydra's attack. The 16-headed hydra bites you.
* * * LOW HITPOINT WARNING * * *
The 16-headed hydra bites you but does no damage. x3
The 16-headed hydra bites you!
You die...

# )### ### ..# ##.#
## ..## ##...
#.#..###..#### ##.###
......D@.....# ##.##
#
#.##..#..###.#####.##
#..#...##.#÷.÷..#
#............##.#
#.##.........###.# #.
##.##..##..# #.. ..
####............. .
...#...#### #.#
###...#.# #.#


You could see a 16-headed hydra (unable to see you).

Vanquished Creatures
  A boulder beetle (D:7)
  2 two-headed ogres
  Pikel (D:4)
  A moth of wrath (D:7)
  The ghost of engelados the Conjurer, a novice DrCj (D:7)
  A slime creature (D:8)
  A shadow (D:9)
  5 yaks (Lair:1)
  A wyvern (D:8)
  2 wargs (D:9)
  A vampire mosquito (D:7)
  Menkaure (D:4)
  A steam dragon (D:7)
  A water moccasin (D:7)
  Duvessa (D:6)
  An ice beast (D:5)
  2 sky beasts
  A black bear (D:5)
  An orc warrior (D:7)
  3 ogres
  A lemure (D:4)
  3 centaurs
  A kobold brigand (D:9)
  5 bullfrogs
  3 necrophages
  Blork the orc (D:4)
  6 gnoll sergeants (D:7)
  2 scorpions (D:6)
  14 wights
  Dowan (D:6)
  6 killer bees
  4 howler monkeys
  5 hounds
  11 jellies
  Crazy Yiuf (D:3)
  7 orc priests
  A gnoll bouda (D:7)
  5 iguanas
  Ijyb (D:3)
  8 orc wizards
  8 adders
  A shadow imp (D:7)
  2 white imps
  An ufetubus (D:5)
  4 dart slugs
  30 orcs
  19 endoplasms
  4 giant cockroaches
  5 hobgoblins
  6 jackals
  5 quokkas
  4 ball pythons
  6 bats
  3 frilled lizards
  11 goblins
  9 kobolds
  6 rats
239 creatures vanquished.

Vanquished Creatures (others)
  5 fungi
5 creatures vanquished.

Grand Total: 244 creatures vanquished

Notes
Turn   | Place    | Note
-------+----------+-------------------------------------------
     0 | D:1      | JordanG8 the Hill Orc Berserker began the quest for the
                  | Orb.
     0 | D:1      | Reached XP level 1. HP: 19/19 MP: 1/1
   470 | D:1      | Reached XP level 2. HP: 23/27 MP: 2/2
  1385 | D:2      | You fall into a shaft and drop 2 floors!
  1439 | D:4      | Reached skill level 5 in Axes
  1439 | D:4      | Reached XP level 3. HP: 24/33 MP: 3/3
  1584 | D:4      | Found an iron altar of Okawaru.
  1945 | D:4      | Reached XP level 4. HP: 40/40 MP: 4/4
  2045 | D:4      | Noticed Menkaure
  2060 | D:4      | Killed Menkaure
  2061 | D:4      | Reached skill level 6 in Axes
  2061 | D:4      | Reached skill level 1 in Stealth
  2061 | D:4      | Reached XP level 5. HP: 9/47 MP: 5/5
  2561 | D:3      | Reached XP level 6. HP: 5/55 MP: 6/6
  2879 | D:3      | Reached skill level 7 in Axes
  3223 | D:2      | Reached ** piety under Trog
  4220 | D:3      | Found a runed translucent door.
  4221 | D:3      | Noticed Crazy Yiuf
  4248 | D:3      | Reached skill level 5 in Fighting
  4315 | D:3      | Found a white marble altar of Elyvilon.
  4323 | D:3      | Found a hide-covered altar of Uskayaw.
  4323 | D:3      | Found a snail-covered altar of Cheibriados.
  4352 | D:3      | Found a burning altar of Makhleb.
  4355 | D:3      | Found a sacrificial altar of Ru.
  4448 | D:3      | Noticed Ijyb
  4459 | D:3      | Killed Ijyb
  4691 | D:3      | Killed Crazy Yiuf
  4857 | D:4      | Found Arghi Boq's Assorted Antiques.
  4858 | D:4      | Noticed Pikel
  4873 | D:4      | Killed Pikel
  4874 | D:4      | Reached skill level 9 in Axes
  4874 | D:4      | Reached XP level 7. HP: 37/62 MP: 7/7
  4917 | D:4      | Bought a thick steel amulet for 140 gold pieces
  5596 | D:4      | Noticed Blork the orc
  5611 | D:4      | Killed Blork the orc
  5612 | D:4      | Reached XP level 8. HP: 47/70 MP: 8/8
  5758 | D:5      | Entered Level 5 of the Dungeon
  5931 | D:5      | Reached skill level 10 in Axes
  6224 | D:5      | Identified the amulet "Aleod" {Spirit Harm +Blink Int+2}
  6444 | D:5      | Found a shimmering blue altar of Sif Muna.
  6649 | D:6      | Noticed Duvessa
  6649 | D:6      | Noticed Dowan
  6755 | D:6      | Reached skill level 11 in Axes
  6976 | D:6      | Reached XP level 9. HP: 66/77 MP: 6/9
  7005 | D:6      | Killed Dowan
  7015 | D:6      | Killed Duvessa
  7034 | D:6      | Reached skill level 12 in Axes
  7319 | D:6      | Reached skill level 5 in Armour
  7562 | D:6      | Found a bloodstained altar of Trog.
  7724 | D:7      | Found a transporter.
  7734 | D:7      | Found a transporter.
  8046 | D:7      | Reached *** piety under Trog
  8054 | D:7      | Reached skill level 13 in Axes
  8296 | D:7      | Noticed a boulder beetle
  8435 | D:7      | Reached XP level 10. HP: 65/86 MP: 8/10
  8449 | D:7      | Killed a boulder beetle
  8450 | D:7      | Reached skill level 14 in Axes
  8660 | D:7      | Found Titieg's Neck Hole.
  8747 | D:7      | Noticed engelados's ghost (novice DrCj)
  8747 | D:7      | Noticed a moth of wrath
  8749 | D:7      | Found a bloodstained altar of Trog.
  8749 | D:7      | Noticed a two-headed ogre
  8893 | D:7      | Found a staircase to the Ecumenical Temple.
  9218 | D:8      | Found a glowing golden altar of the Shining One.
  9396 | D:8      | Noticed a two-headed ogre
  9403 | D:8      | Killed a two-headed ogre
  9404 | D:8      | Reached skill level 15 in Axes
  9655 | D:8      | Found a staircase to the Lair.
 10136 | D:8      | Found Derrae's Antique Armour Shoppe.
 10405 | D:8      | Reached **** piety under Trog
 10538 | D:9      | Reached skill level 16 in Axes
 10962 | D:9      | Reached XP level 11. HP: 68/92 MP: 11/11
 11094 | D:9      | Found a staircase to the Orcish Mines.
 11345 | D:9      | Found a stormy altar of Qazlal.
 11521 | D:9      | Reached skill level 17 in Axes
 12215 | D:7      | Killed a moth of wrath
 12222 | D:7      | Killed engelados's ghost
 12229 | D:7      | Killed a two-headed ogre
 12234 | D:7      | HP: 4/92 [poisoned by engelados's ghost]
 13027 | Lair:1   | Entered Level 1 of the Lair of Beasts
 13085 | Lair:1   | Noticed an eight-headed hydra
 13333 | D:8      | Gained mutation: You are robust. (+10% HP) [potion of
                  | mutation]
 13333 | D:8      | Gained mutation: You have hidden genetic potential. [potion
                  | of mutation]
 13333 | D:8      | Gained mutation: You possess an exceptional clarity of
                  | mind. [potion of mutation]
 13374 | Lair:1   | HP: 7/151 [16-headed hydra (9)]
 13374 | Lair:1   | HP: 2/151 [16-headed hydra (5)]
 13374 | Lair:1   | Mangled by a 16-headed hydra

Illustrated notes

Levels and vault maps discovered:
D:1:      minmay_arrival_plants_in_alcoves, layout_rooms
D:2:      layout_basic, shapermc_ecumenical_altar_venn, minmay_cupped
D:3:      layout_basic, minitemple, kennysheep_generic_room_4, uniq_ijyb,
          uniq_crazy_yiuf_cottage
D:4:      layout_cave_pods, mainiacjoe_overflow_six_doors_small, serial_shops,
          nicolae_shop_crystal, patterned_corridor, uniq_menkaure,
          uniq_blork_the_orc, uniq_pikel
D:5:      layout_basic, kennysheep_orc_sif_temple, dk_noncrumbling_2,
          kennysheep_generic_room_9
D:6:      layout_rooms, kennysheep_mini, uniq_duvessa
D:7:      minmay_clustersquares, layout_rooms, minmay_temple_entry_nine_rooms,
          gammafunk_ghost_wrathful_warriors, nicolae_shop_sticking_my_neck_out
D:8:      lemuel_slime, layout_basic, mainiacjoe_overflow_brackets,
          lair_entry_dummy, serial_shops, nicolae_lakefront_shop
D:9:      layout_loops_ring, lemuel_coloured_pillars_altar, erik_orc_4,
          enter_bailey_3, hangedman_abyss_or_decor_stabs
Lair:1:   layout_loops_ring, grunt_megastairs_5

Skill      XL: |  1  2  3  4  5  6  7  8  9 10 11 |
---------------+----------------------------------+-----
Fighting       | 4 5 6 7 |  7.0
Axes           | 5 6 9 11 13 16 17 | 17.8
Dodging        | 2 3 |  3.8
Stealth        | 1 2 |  2.2
Armour         | 3 4 6 8 9 |  9.4
Shields        | |  0.7
Unarmed Combat | |  0.6
Evocations     | |  0.2

Action                   |  1- 3 |  4- 6 |  7- 9 | 10-12 || total
-------------------------+-------+-------+-------+-------++-------
Melee: Hand axe          |    64 |   163 |       |       ||   227
       Punch             |     1 |     2 |     3 |       ||     6
       War axe           |       |    14 |   191 |    29 ||   234
       Unarmed           |       |     5 |       |       ||     5
       Battleaxe         |       |       |    30 |   256 ||   286
Invok: Berserk           |     2 |     5 |     1 |     3 ||    11
 Abil: Evoke Blink       |       |       |       |     1 ||     1
Evoke: Lightning rod     |       |       |       |     1 ||     1
  Use: Scroll            |     1 |     2 |     3 |     9 ||    15
       Potion            |     1 |       |       |     8 ||     9
 Stab: Sleeping          |     1 |     3 |     1 |       ||     5
Armor: Animal skin       |    12 |    36 |       |       ||    48
       Leather armour    |       |    27 |       |       ||    27
       Ring mail         |       |    26 |    32 |       ||    58
       Chain mail        |       |       |    71 |   201 ||   272
Dodge: Dodged            |    23 |   125 |   118 |   148 ||   414
Block: Kite shield       |       |       |       |    36 ||    36
